| TOP OF THE 1ST |
|
Cincinnati Reds batting - Pitching for Milwaukee Creams : RHP Wally Whitehurst
|
|
Pitching: RHP Wally Whitehurst
|
|
|
Batting: LHB Fernando Vina
|
0-0: Ball 1-0: Ground out 4-3 (Groundball, 4, EV 76.9 MPH)
|
|
Batting: RHB Scott Rolen
|
0-0: Called Strike 0-1: SOLO HOME RUN (Flyball, 78XD, EV 95.6 MPH), Distance : 386 ft
|
|
Batting: LHB Bobby Higginson
|
0-0: Called Strike 0-1: Ball 1-1: Ball 2-1: Ball 3-1: Foul Ball, location: 2F 3-2: SINGLE (Groundball, 6D, EV 105.0 MPH)
|
|
Batting: LHB Fred McGriff
|
0-0: Foul Ball, location: 2F 0-1: Called Strike 0-2: Foul Ball, location: 2F 0-2: Ball 1-2: Foul Ball, location: 2F 1-2: Strikes out swinging
|
|
Batting: LHB Matt Lawton
|
0-0: Called Strike 0-1: SINGLE (Flyball, 7S, EV 90.6 MPH) Bobby Higginson to second
|
|
Batting: SHB Scott Spiezio
|
0-0: Ball 1-0: Foul Ball, location: 2F 1-1: Ball 2-1: Ball 3-1: Ground out U3 (Groundball, 34, EV 83.1 MPH)
|
| Top of the 1st over - 1 run, 3 hits, 0 errors, 2 left on base; Cincinnati 1 - Milwaukee 0 |
| BOTTOM OF THE 1ST |
|
Milwaukee Creams batting - Pitching for Cincinnati Reds : RHP Brad Radke
|
|
Pitching: RHP Brad Radke
|
|
|
Batting: RHB Mark Loretta
|
0-0: Ball 1-0: Ball 2-0: Ball 3-0: Called Strike 3-1: Called Strike 3-2: Fly out, F8 (Flyball, 8LM, EV 93.1 MPH)
|
|
Batting: LHB Tom Goodwin
|
0-0: Ball 1-0: Ground out 6-3 (Groundball, 6S, EV 86.3 MPH)
|
|
Batting: SHB Ken Caminiti
|
0-0: Ball 1-0: Ball 2-0: Ball 3-0: Fly out, F7 (Flyball, 7S, EV 75.6 MPH)
|
| Bottom of the 1st over - 0 runs, 0 hits, 0 errors, 0 left on base; Cincinnati 1 - Milwaukee 0 |
| TOP OF THE 2ND |
|
Cincinnati Reds batting - Pitching for Milwaukee Creams : RHP Wally Whitehurst
|
|
Batting: LHB Dave Nilsson
|
0-0: Ball 1-0: Foul Ball, location: 2F 1-1: Ground out U3 (Groundball, 3, EV 91.9 MPH)
|
|
Batting: SHB Dwayne Hosey
|
0-0: Called Strike 0-1: Ball 1-1: Called Strike 1-2: Foul Ball, location: 2F 1-2: Strikes out swinging
|
|
Batting: RHB Miguel Cairo
|
0-0: Ball 1-0: Ground out 6-3 (Groundball, 6, EV 93.1 MPH)
|
| Top of the 2nd over - 0 runs, 0 hits, 0 errors, 0 left on base; Cincinnati 1 - Milwaukee 0 |
| BOTTOM OF THE 2ND |
|
Milwaukee Creams batting - Pitching for Cincinnati Reds : RHP Brad Radke
|
|
Batting: LHB Carlos Delgado
|
0-0: Swinging Strike 0-1: Foul Ball, location: 2F 0-2: Ball 1-2: Strikes out swinging
|
|
Batting: LHB John Elway
|
0-0: Swinging Strike 0-1: Called Strike 0-2: Foul Ball, location: 2F 0-2: Ball 1-2: Foul Ball, location: 2F 1-2: Strikes out looking
|
|
Batting: SHB Gerald Young
|
0-0: Ball 1-0: Ball 2-0: Called Strike 2-1: Swinging Strike 2-2: Foul Ball, location: 2F 2-2: Foul Ball, location: 2F 2-2: Ball 3-2: Strikes out looking
|
| Bottom of the 2nd over - 0 runs, 0 hits, 0 errors, 0 left on base; Cincinnati 1 - Milwaukee 0 |
| TOP OF THE 3RD |
|
Cincinnati Reds batting - Pitching for Milwaukee Creams : RHP Wally Whitehurst
|
|
Batting: LHB Fernando Vina
|
0-0: DOUBLE (Flyball, 89D, EV 100.0 MPH)
|
|
Batting: RHB Scott Rolen
|
0-0: Ball 1-0: Ball 2-0: Ball 3-0: Base on Balls
|
|
Batting: LHB Bobby Higginson
|
0-0: Foul Ball, location: 2F 0-1: Fly out, F8 (Flyball, 78D, EV 103.8 MPH)
|
|
Batting: LHB Fred McGriff
|
0-0: Called Strike 0-1: Ball 1-1: Ball 2-1: Ball 3-1: Foul Ball, location: 2F 3-2: SINGLE (Groundball, 4MD, EV 97.5 MPH) Fernando Vina to third Scott Rolen to second Runner from 3rd tries for Home, SAFE, throw by CF to home
|
|
Batting: LHB Matt Lawton
|
0-0: Ball 1-0: Fielders Choice at 2nd, 4-6 (Groundball, 4, EV 94.4 MPH) Scott Rolen to third
|
|
Batting: SHB Scott Spiezio
|
0-0: Ball 1-0: Foul Ball, location: 2F 1-1: Ball 2-1: Swinging Strike 2-2: Ground out 4-3 (Groundball, 4, EV 85.6 MPH)
|
| Top of the 3rd over - 1 run, 2 hits, 0 errors, 2 left on base; Cincinnati 2 - Milwaukee 0 |
| BOTTOM OF THE 3RD |
|
Milwaukee Creams batting - Pitching for Cincinnati Reds : RHP Brad Radke
|
|
Batting: RHB Brad Ausmus
|
0-0: Called Strike 0-1: Ball 1-1: Ball 2-1: SINGLE (Line Drive, 9S, EV 98.8 MPH)
|
|
Batting: RHB Mike Lansing
|
0-0: Bunt missed! 0-1: Ball 1-1: Bunted foul 1-2: Ball 2-2: Strikes out swinging
|
|
Batting: RHB Rey Sanchez
|
0-0: Called Strike 0-1: Called Strike 0-2: Ball 1-2: Ball 2-2: Grounds into double play, 4-6-3 (Groundball, 4, EV 99.4 MPH)
|
| Bottom of the 3rd over - 0 runs, 1 hit, 0 errors, 0 left on base; Cincinnati 2 - Milwaukee 0 |
| TOP OF THE 4TH |
|
Cincinnati Reds batting - Pitching for Milwaukee Creams : RHP Wally Whitehurst
|
|
Batting: LHB Dave Nilsson
|
0-0: Ball 1-0: Fly out, F8 (Line Drive, 8LM, EV 95.6 MPH)
|
|
Batting: SHB Dwayne Hosey
|
0-0: Called Strike 0-1: Ground out 4-3 (Groundball, 4, EV 87.5 MPH)
|
|
Batting: RHB Miguel Cairo
|
0-0: Called Strike 0-1: Foul Ball, location: 2F 0-2: Fly out, F7 (Line Drive, 7, EV 86.9 MPH)
|
| Top of the 4th over - 0 runs, 0 hits, 0 errors, 0 left on base; Cincinnati 2 - Milwaukee 0 |
| BOTTOM OF THE 4TH |
|
Milwaukee Creams batting - Pitching for Cincinnati Reds : RHP Brad Radke
|
|
Batting: RHB Mark Loretta
|
0-0: Fly out, F5 (Line Drive, 5, EV 69.4 MPH)
|
|
Batting: LHB Tom Goodwin
|
0-0: Ball 1-0: Ball 2-0: Ball 3-0: Called Strike 3-1: Swinging Strike 3-2: Foul Ball, location: 2F 3-2: SINGLE (Groundball, 3S, EV 65.0 MPH) (infield hit)
|
|
Batting: SHB Ken Caminiti
|
0-0: Called Strike 0-1: Ball 1-1: Swinging Strike 1-2: Ball 2-2: Foul Ball, location: 2F 2-2: Foul Ball, location: 2F 2-2: Ball 3-2: Strikes out swinging Tom Goodwin steals 2nd base (no throw) Batter strikes out.
|
|
Batting: LHB Carlos Delgado
|
0-0: Fly out, F8 (Line Drive, 8LD, EV 90.6 MPH)
|
| Bottom of the 4th over - 0 runs, 1 hit, 0 errors, 1 left on base; Cincinnati 2 - Milwaukee 0 |
| TOP OF THE 5TH |
|
Cincinnati Reds batting - Pitching for Milwaukee Creams : RHP Wally Whitehurst
|
|
Batting: LHB Fernando Vina
|
0-0: Called Strike 0-1: SINGLE (Groundball, 4MD, EV 103.1 MPH)
|
|
Batting: RHB Scott Rolen
|
0-0: Ball 1-0: Swinging Strike 1-1: Called Strike 1-2: Foul Ball, location: 2F 1-2: Foul Ball, location: 2F 1-2: DOUBLE (Groundball, 5L, EV 97.5 MPH) Fernando Vina to third Runner from 3rd tries for Home, SAFE, throw by LF to trailing runner, SAFE at third!
|
|
Batting: LHB Bobby Higginson
|
0-0: Ball 1-0: Foul Ball, location: 2F 1-1: Foul Ball, location: 2F 1-2: Ball 2-2: Ball 3-2: Strikes out swinging
|
|
Batting: LHB Fred McGriff
|
0-0: Ball 1-0: Ball Wild Pitch! Scott Rolen scores 2-0: Called Strike 2-1: Ball 3-1: Called Strike 3-2: Base on Balls
|
|
Batting: LHB Matt Lawton
|
0-0: Fly out, F8 (Flyball, 89D, EV 83.1 MPH)
|
|
Batting: SHB Scott Spiezio
|
0-0: Called Strike 0-1: Ball 1-1: Foul Ball, location: 2F 1-2: Strikes out swinging
|
| Top of the 5th over - 2 runs, 2 hits, 0 errors, 1 left on base; Cincinnati 4 - Milwaukee 0 |
| BOTTOM OF THE 5TH |
|
Milwaukee Creams batting - Pitching for Cincinnati Reds : RHP Brad Radke
|
|
Batting: LHB John Elway
|
0-0: Ball 1-0: Called Strike 1-1: Ball 2-1: Swinging Strike 2-2: Ball 3-2: Ground out 1-3 (Groundball, 34S, EV 80.6 MPH)
|
|
Batting: SHB Gerald Young
|
0-0: Ground out 2-3 (Groundball, 15S, EV 60.0 MPH)
|
|
Batting: RHB Brad Ausmus
|
0-0: Called Strike 0-1: Ball 1-1: Fly out, F8 (Line Drive, 8RD, EV 103.1 MPH)
|
| Bottom of the 5th over - 0 runs, 0 hits, 0 errors, 0 left on base; Cincinnati 4 - Milwaukee 0 |
| TOP OF THE 6TH |
|
Cincinnati Reds batting - Pitching for Milwaukee Creams : RHP Wally Whitehurst
|
|
Batting: LHB Dave Nilsson
|
0-0: Ball 1-0: Fly out, F9 (Line Drive, 9D, EV 102.5 MPH)
|
|
Batting: SHB Dwayne Hosey
|
0-0: Foul Ball, location: 2F 0-1: Foul Ball, location: 2F 0-2: Ball 1-2: Fly out, F8 (Line Drive, 8RM, EV 84.4 MPH)
|
|
Batting: RHB Miguel Cairo
|
0-0: Ball 1-0: Called Strike 1-1: Ball 2-1: Called Strike 2-2: Ball 3-2: SINGLE (Line Drive, 4D, EV 102.5 MPH)
|
|
Batting: LHB Fernando Vina
|
0-0: Called Strike 0-1: Swinging Strike 0-2: Foul Ball, location: 2F 0-2: Ground out 6-3 (Groundball, 6S, EV 67.5 MPH)
|
| Top of the 6th over - 0 runs, 1 hit, 0 errors, 1 left on base; Cincinnati 4 - Milwaukee 0 |
| BOTTOM OF THE 6TH |
|
Milwaukee Creams batting - Pitching for Cincinnati Reds : RHP Brad Radke
|
|
Batting: RHB Mike Lansing
|
0-0: Swinging Strike 0-1: Ball 1-1: Ball 2-1: Called Strike 2-2: Ball 3-2: Reached on error, E8 (Line Drive, 8RD, EV 88.1 MPH)
|
|
Batting: RHB Rey Sanchez
|
0-0: Ground out 6-3 (Groundball, 6, EV 84.4 MPH) Mike Lansing to third
|
|
Batting: RHB Mark Loretta
|
0-0: Ground out 1-3 (Groundball, 13S, EV 63.1 MPH)
|
|
Batting: LHB Tom Goodwin
|
0-0: Ball 1-0: Called Strike 1-1: Ball 2-1: Foul Ball, location: 2F 2-2: Ball 3-2: Foul Ball, location: 2F 3-2: Foul Ball, location: 2F 3-2: SINGLE (Groundball, 34D, EV 104.4 MPH) Mike Lansing scores
|
|
Batting: SHB Ken Caminiti
|
0-0: Ball Tom Goodwin is caught stealing 2nd base 2-6
|
| Bottom of the 6th over - 1 run, 1 hit, 1 error, 0 left on base; Cincinnati 4 - Milwaukee 1 |
| TOP OF THE 7TH |
|
Cincinnati Reds batting - Pitching for Milwaukee Creams : RHP Wally Whitehurst
|
|
Batting: RHB Scott Rolen
|
0-0: Ball 1-0: Swinging Strike 1-1: Foul Ball, location: 2F 1-2: Strikes out swinging
|
|
Batting: LHB Bobby Higginson
|
0-0: Called Strike 0-1: Ball 1-1: SINGLE (Flyball, 7S, EV 90.0 MPH)
|
|
Pitching: RHP Billy Taylor
|
|
|
Batting: LHB Fred McGriff
|
0-0: Ball 1-0: Ball 2-0: Called Strike 2-1: Swinging Strike 2-2: Ball 3-2: Strikes out looking
|
|
Batting: LHB Matt Lawton
|
0-0: Foul Ball, location: 2F 0-1: Ball 1-1: Foul Ball, location: 2F 1-2: Ball 2-2: Fly out, F6 (Popup, 4M, EV 70.6 MPH)
|
| Top of the 7th over - 0 runs, 1 hit, 0 errors, 1 left on base; Cincinnati 4 - Milwaukee 1 |
| BOTTOM OF THE 7TH |
|
Milwaukee Creams batting - Pitching for Cincinnati Reds : RHP Brad Radke
|
|
Batting: SHB Ken Caminiti
|
0-0: Called Strike 0-1: Foul Ball, location: 2F 0-2: Strikes out swinging
|
|
Batting: LHB Carlos Delgado
|
0-0: Ball 1-0: Ball 2-0: Foul Ball, location: 2F 2-1: Ball 3-1: Called Strike 3-2: Fly out, F7 (Flyball, 7, EV 90.6 MPH)
|
|
Batting: LHB John Elway
|
0-0: Ball 1-0: Called Strike 1-1: Swinging Strike 1-2: Strikes out swinging
|
| Bottom of the 7th over - 0 runs, 0 hits, 0 errors, 0 left on base; Cincinnati 4 - Milwaukee 1 |
| TOP OF THE 8TH |
|
Cincinnati Reds batting - Pitching for Milwaukee Creams : RHP Billy Taylor
|
|
Batting: SHB Scott Spiezio
|
0-0: Ball 1-0: Ball 2-0: SOLO HOME RUN (Flyball, 9D, EV 101.3 MPH), Distance : 364 ft
|
|
Batting: LHB Dave Nilsson
|
0-0: Called Strike 0-1: Ball 1-1: Swinging Strike 1-2: Ball 2-2: Ball 3-2: Fly out, F7 (Flyball, 7S, EV 80.0 MPH)
|
|
Batting: SHB Dwayne Hosey
|
0-0: Foul Ball, location: 2F 0-1: Ball 1-1: Ball 2-1: SINGLE (Groundball, 56D, EV 102.5 MPH)
|
|
Pitching: RHP Wes Gardner
|
|
|
Batting: RHB Miguel Cairo
|
0-0: Ball 1-0: Ball Dwayne Hosey is caught stealing 2nd base 2-4 2-0: Swinging Strike 2-1: Ground out 5-3 (Groundball, 56S, EV 81.3 MPH)
|
| Top of the 8th over - 1 run, 2 hits, 0 errors, 0 left on base; Cincinnati 5 - Milwaukee 1 |
| BOTTOM OF THE 8TH |
|
Milwaukee Creams batting - Pitching for Cincinnati Reds : RHP Brad Radke
|
|
Batting: SHB Gerald Young
|
0-0: Called Strike 0-1: Foul Ball, location: 2F 0-2: Ball 1-2: Ball 2-2: Ball 3-2: Ground out 1-3 (Groundball, 34S, EV 85.0 MPH)
|
|
Batting: RHB Brad Ausmus
|
0-0: SINGLE (Groundball, 6MD, EV 101.3 MPH)
|
|
Batting: RHB Mike Lansing
|
0-0: Swinging Strike Brad Ausmus is caught stealing 2nd base 2-4 0-1: Ball 1-1: Ball 2-1: Foul Ball, location: 2F 2-2: Ball 3-2: Base on Balls
|
|
Batting: RHB Rey Sanchez
|
0-0: SINGLE (Line Drive, 6MD, EV 98.1 MPH) Mike Lansing to second
|
|
Batting: RHB Mark Loretta
|
0-0: Fly out, F9 (Flyball, 9D, EV 101.9 MPH)
|
| Bottom of the 8th over - 0 runs, 2 hits, 0 errors, 2 left on base; Cincinnati 5 - Milwaukee 1 |
| TOP OF THE 9TH |
|
Cincinnati Reds batting - Pitching for Milwaukee Creams : RHP Wes Gardner
|
|
Batting: LHB Fernando Vina
|
0-0: Ball 1-0: Ball 2-0: Ground out 4-3 (Groundball, 34, EV 97.5 MPH)
|
|
Batting: RHB Scott Rolen
|
0-0: Swinging Strike 0-1: Ball 1-1: Foul Ball, location: 2F 1-2: Ball 2-2: Ball 3-2: SOLO HOME RUN (Flyball, 9LD, EV 98.8 MPH), Distance : 348 ft
|
|
Batting: LHB Bobby Higginson
|
0-0: Foul Ball, location: 2F 0-1: Ball 1-1: Fly out, F3 (Popup, 3S, EV 83.8 MPH)
|
|
Batting: LHB Fred McGriff
|
0-0: Ball 1-0: Ball 2-0: Called Strike 2-1: Ball 3-1: Base on Balls
|
|
Batting: LHB Matt Lawton
|
0-0: Ball 1-0: Ball 2-0: Foul Ball, location: 2F 2-1: Ball 3-1: Base on Balls Fred McGriff to second
|
|
Batting: SHB Scott Spiezio
|
0-0: Ball 1-0: Ball 2-0: 3-RUN HOME RUN (Line Drive, 9LD, EV 103.8 MPH), Distance : 349 ft
|
|
Batting: LHB Dave Nilsson
|
0-0: Ball 1-0: Called Strike 1-1: Foul Ball, location: 2F 1-2: Foul Ball, location: 2F 1-2: SOLO HOME RUN (Line Drive, 9LD, EV 100.6 MPH), Distance : 336 ft
|
|
Pitching: RHP Tommy Greene
|
|
|
Batting: SHB Dwayne Hosey
|
0-0: Ball 1-0: Fly out, F6 (Popup, 6D, EV 51.3 MPH)
|
| Top of the 9th over - 5 runs, 3 hits, 0 errors, 0 left on base; Cincinnati 10 - Milwaukee 1 |
| BOTTOM OF THE 9TH |
|
Milwaukee Creams batting - Pitching for Cincinnati Reds : RHP Brad Radke
|
|
Pinch Hitting: RHB Ken R. Williams
|
0-0: Called Strike 0-1: Ball 1-1: Ground out 6-3 (Groundball, 6, EV 83.8 MPH)
|
|
Batting: SHB Ken Caminiti
|
0-0: Called Strike 0-1: Swinging Strike 0-2: Ball 1-2: Strikes out swinging
|
|
Pinch Hitting: RHB Shawon Dunston
|
0-0: Called Strike 0-1: Foul Ball, location: 2F 0-2: Ball 1-2: Fly out, F9 (Flyball, 9S, EV 95.0 MPH)
|
| Bottom of the 9th over - 0 runs, 0 hits, 0 errors, 0 left on base; Cincinnati 10 - Milwaukee 1 |
|